 Dungeon Crawl Stone Soup version 0.18-a0-1292-ge8ad84c (webtiles) character file.

188 FrancescoMac the Cudgeler (level 5, -1/57 HPs)
             Began as an Ogre Berserker on Feb 9, 2016.
             Was an Initiate of Okawaru.
             Slain by a centaur (7 damage)
             ... on level 4 of the Dungeon.
             The game lasted 00:12:41 (3492 turns).

FrancescoMac the Cudgeler (Ogre Berserker)          Turns: 3492, Time: 00:12:41

Health: -1/57      AC:  3    Str: 22    XL:     5   Next: 67%
Magic:  5/5        EV:  6    Int:  7    God:    Okawaru [......]
Gold:   176        SH: 13    Dex:  9    Spells: 0 memorised, 4 levels left

rFire  . . .     SeeInvis .     a - +0 mace
rCold  + . .     Gourm    .     b - +0 animal skin
rNeg   . . .     Faith    .     j - +0 large shield
rPois  .         Spirit   .     (helmet restricted)
rElec  .         Dismiss  .     (no cloak)
rCorr  .         Reflect  .     (gloves unavailable)
SustAt .         Harm     .     (boots unavailable)
MR     .....                    (no amulet)
Stlth  +.........               (no ring)
                                r - ring of protection from cold

@: not resistant to hostile enchantments, very unstealthy
A: unfitting armour, tough skin 1
a: Renounce Religion


You were on level 4 of the Dungeon.
You worshipped Okawaru.
Okawaru was noncommittal.
You were not hungry.

You visited 1 branch of the dungeon, and saw 4 of its levels.

You collected 176 gold pieces.

Inventory:

Hand Weapons
 a - a +0 mace (weapon)
Armour
 b - a +0 animal skin (worn)
 j - a +0 large shield (worn)
 u - a +0 helmet
Jewellery
 r - a ring of protection from cold (left hand)
Wands
 h - a wand of polymorph (3/24)
 o - a wand of lightning (0/15)
Scrolls
 d - a scroll of teleportation
 i - a scroll of remove curse
 m - 2 scrolls of identify
 q - 3 scrolls of enchant weapon {unknown}
 s - a scroll of fear {unknown}
 v - a scroll of enchant armour {unknown}
Potions
 e - a potion of curing
 g - 2 potions of agility
 l - a potion of haste {unknown}
 n - a potion of might {unknown}
 t - a potion of mutation {unknown}
Comestibles
 c - a bread ration
 f - 2 royal jellies
 k - a slice of pizza
 p - a meat ration


   Skills:
 * Level 5.4 Fighting
 * Level 5.5 Maces & Flails
 + Level 3.3 Dodging
 * Level 2.1 Shields
 - Level 0.2 Spellcasting


You had 4 spell levels left.
You didn't know any spells.

Dungeon Overview and Level Annotations

Branches:
Dungeon (4/15)
 Temple: D:4-7

Altars:
Okawaru


Innate Abilities, Weirdness & Mutations

You are too large for most types of armour.
You have tough skin (AC +1).


Message History

You sock the centaur!
The centaur is heavily wounded.
The centaur hits you!
* * * LOW HITPOINT WARNING * * *
You block the centaur's attack.
You are too injured to fight recklessly!
You are too injured to fight recklessly!
You are too injured to fight recklessly!
You are too injured to fight recklessly!
You are too injured to fight recklessly!
You barely miss the centaur.
The centaur is heavily wounded.
The centaur hits you!
* * * LOW HITPOINT WARNING * * *
The centaur hits you.
* * * LOW HITPOINT WARNING * * *
You hit the centaur.
The centaur is heavily wounded.
The centaur hits you!
You die...

# #
################# #
#...............# #
#c.........####.# #
#.@.(.((...####.###
#.......(.........'
#..........####.###
#..........# #.# #
#..........# #.# #
#.########## #.# #.
#.# #. #.# #.#


You could see a centaur.

Vanquished Creatures
  Blork the orc (D:4)
  5 adders
  An ooze (D:4)
  A worm (D:2)
  5 orcs (D:3)
  2 ball pythons (D:4)
  A giant cockroach (D:4)
  6 hobgoblins
  6 jackals
  5 kobolds
  3 quokkas
  7 bats
  2 giant newts (D:1)
  7 goblins
  A quokka skeleton (D:4)
  9 rats
62 creatures vanquished.

Notes
Turn   | Place    | Note
--------------------------------------------------------------
     0 | D:1      | FrancescoMac the Ogre Berserker began the quest for the Orb.
     0 | D:1      | Reached XP level 1. HP: 24/24 MP: 1/1
   126 | D:1      | Reached XP level 2. HP: 30/32 MP: 2/2
   628 | D:2      | Reached XP level 3. HP: 29/40 MP: 3/3
   913 | D:2      | Reached ** piety under Trog
  1658 | D:2      | Reached skill level 5 in Maces & Flails
  1963 | D:2      | Reached XP level 4. HP: 46/49 MP: 4/4
  2322 | D:3      | Reached skill level 1 in Shields
  2327 | D:3      | Reached skill level 5 in Fighting
  2533 | D:3      | Found an iron altar of Okawaru.
  2566 | D:3      | Fell from the grace of Trog
  2566 | D:3      | Became a worshipper of Warmaster Okawaru
  3100 | D:4      | Noticed Blork the orc
  3131 | D:4      | Killed Blork the orc
  3131 | D:4      | Reached XP level 5. HP: 10/57 MP: 5/5
  3146 | D:4      | HP: 2/57 [poisoned by an adder]
  3482 | D:4      | Noticed a centaur
  3492 | D:4      | Slain by a centaur

Vault maps used:
D:1:      matt_arrival_diagonals
D:2:      first_bread, serial_bayou_pond_e
D:3:      overflow_temple_1_default, minivault_14, minmay_misc_feat_plants,
          feat_on_display
D:4:      uniq_blork_the_orc

Action                   |  1- 3 |  4- 6 || total
-------------------------+-------+-------++-------
Melee: Mace              |   141 |   117 ||   258
       Unarmed           |       |     3 ||     3
Evoke: Wand              |       |     7 ||     7
  Use: Scroll            |     4 |     1 ||     5
       Potion            |       |     2 ||     2
  Eat: Bread ration      |     1 |     1 ||     2
       Chunk             |     1 |     1 ||     2
